Map: Dusty Gorge

Players

croberts - Winner!

  • Race: Terran Terran
  • League: Gold
  • Spawn Location: 11:00

sOuLsUrGe - Winner!

  • Race: Zerg Zerg
  • Spawn Location: 9:00

OpuS

  • Race: Protoss Protoss
  • League: Platinum
  • Spawn Location: 3:00

Sketchaphone

  • Race: Zerg Zerg
  • League: Gold
  • Spawn Location: 5:00

VOD

Have the link to the VOD?

Description

Time

  • Played on: Jan. 23, 2019, 9:06 p.m.
  • Length: 16:56
Show
View Real Time Build Order
Export as new Build Order

croberts Terran - Winner!

Build Orders:  

Get SALT Encoding   

  12  0:01  SCV  
  13  0:13  SCV  
  14  0:19  Supply Depot  
  14  0:27  SCV  
  15  0:41  SCV  
  16  0:48  Barracks  
  16  0:53  SCV  
  16  0:55  Refinery  
  17  1:08  Barracks  
  17  1:11  SCV  
  18  1:23  SCV  
  19  1:26  Refinery  
  19  1:35  SCV  
  20  1:47  SCV, Supply Depot  
  20  1:53  Supply Depot  
  21  2:00  SCV  
  22  2:03  Factory  
  22  2:32  SCV  
  24  2:44  Reaper, SCV  
  24  2:48  Factory Tech Lab  
  25  2:56  SCV  
  26  2:59  Starport  
  26  3:14  Command Center  
  26  3:16  Marine  
  27  3:21  Siege Tank  
  30  3:34  Armory, Marine  
  31  3:51  Marine  
  31  3:52  Fusion Core  
  32  4:09  Marine  
  34  4:14  Orbital Command  
  34  4:15  Starport Tech Lab  
  33  4:24  Terran Ship Weapons Level 1  
  33  4:26  Engineering Bay  
  33  4:31  Refinery, SCV  
  34  4:39  Refinery  
  34  4:43  SCV  
  35  5:04  Battlecruiser  
  41  5:11  Orbital Command  
  41  5:12  SCV  
  42  5:20  Widow Mine  
  44  5:38  Missile Turret  
  44  5:40  Missile Turret  
  44  5:41  Siege Tank  
  47  5:54  Marine  
  48  6:12  Marine  
  48  6:13  Widow Mine  
  51  6:30  Marine  
  46  7:30  Command Center  
  46  7:33  Battlecruiser  
  52  7:49  Sensor Tower  
  52  8:03  Marine  
  52  8:04  Supply Depot  
  53  8:06  Supply Depot  
  53  8:09  Terran Ship Weapons Level 2  
  53  8:10  Supply Depot  
  53  8:16  Weapon Refit  
  53  8:21  SCV  
  53  8:25  Cyclone, Marine  
  58  8:40  Bunker  
  58  8:42  SCV x2  
  58  8:43  Marine  
  61  8:54  SCV x2  
  63  8:58  Siege Tank  
  63  8:59  Refinery  
  63  9:01  Marine  
  67  9:06  Missile Turret  
  67  9:07  Missile Turret  
  67  9:23  Marine  
  68  9:27  Medivac  
  70  9:33  Missile Turret  
  70  9:35  SCV x2  
  72  9:41  Marine  
  73  9:47  SCV x2  
  75  9:58  Marine  
  75  9:59  SCV  
  77  10:10  Viking  
  79  10:16  Marine  
  78  10:40  Viking  
  53  11:05  Missile Turret  
  53  11:10  Hi-Sec Auto Tracking, Viking  
  55  11:13  Starport  
  55  11:14  Starport  
  55  11:18  Marine  
  56  11:32  Orbital Command  
  56  11:33  Missile Turret  
  56  11:36  Marine  
  56  11:38  Cyclone  
  60  11:40  Viking  
  62  11:49  Starport Reactor  
  62  11:51  Starport Reactor  
  62  11:54  Marine  
  62  11:56  SCV x2  
  65  12:03  SCV  
  65  12:06  Refinery  
  65  12:08  SCV x2  
  68  12:10  Cyclone, Viking  
  68  12:12  Marine  
  74  12:15  SCV  
  74  12:20  SCV x2  
  77  12:27  SCV  
  78  12:30  Marine  
  78  12:32  Medivac, SCV x2  
  78  12:33  Viking  
  85  12:40  Viking, SCV  
  86  12:52  Command Center  
  80  13:11  Battlecruiser  
  82  13:20  Marine  
  82  13:24  Viking x2  
  87  13:38  Marine  
  88  13:55  Marine  
  89  14:13  Marine  
  89  14:15  Battlecruiser  
  96  14:31  Marine, Siege Tank  
  96  14:33  Viking x2  
  104  14:49  Marine  
  105  14:58  Viking  
  105  14:59  Missile Turret  
  107  15:07  Marine  
  108  15:21  Siege Tank  
  108  15:22  Viking  
  108  15:24  Marine  
  108  15:27  Battlecruiser  
  97  15:42  Marine  
  84  15:54  Siege Tank  
  87  16:06  Marine  
  87  16:11  Viking x3  
  90  16:12  Viking  
  96  16:22  Missile Turret  
  96  16:24  Marine  
  96  16:25  Missile Turret  
  106  16:33  Command Center  
Show
View Real Time Build Order
Export as new Build Order

sOuLsUrGe Zerg - Winner!

Build Orders: 3 Hatch before Pool 

Get SALT Encoding   

  12  0:17  Drone x2  
  14  0:41  Hatchery, Drone  
  14  0:48  Overlord  
  14  1:06  Drone x2  
  14  1:07  Drone  
  17  1:14  Extractor  
  17  1:18  Drone  
  17  1:28  Drone  
  18  1:40  Drone  
  19  1:51  Drone  
  20  1:55  Drone  
  20  1:59  Hatchery  
  20  2:01  Spawning Pool  
  20  2:04  Drone  
  20  2:08  Drone  
  22  2:15  Drone  
  22  2:16  Drone  
  23  2:24  Overlord  
  23  2:31  Drone  
  24  2:49  Metabolic Boost  
  24  2:51  Zergling x8  
  28  2:52  Queen  
  28  2:54  Zergling x2  
  31  3:03  Zergling x2  
  32  3:08  Queen  
  32  3:11  Zergling x4  
  36  3:13  Overlord  
  36  3:21  Zergling x2  
  34  3:34  Zergling x4  
  34  3:35  Zergling x6  
  37  3:42  Zergling x4  
  37  3:47  Drone  
  40  3:49  Zergling x2  
  41  3:56  Roach Warren  
  41  3:58  Zergling x4  
  42  4:11  Drone  
  42  4:12  Drone x2  
  42  4:13  Drone x2  
  46  4:34  Drone  
  46  4:35  Drone x3  
  46  4:54  Zergling x6  
  46  4:56  Overlord x4  
  46  4:57  Overlord  
  47  5:10  Roach x2  
  47  5:11  Roach  
  47  5:12  Extractor  
  48  5:26  Burrow  
  48  5:28  Spine Crawler, Drone x2  
  49  5:31  Roach x2  
  49  5:32  Roach x2  
  57  5:40  Spine Crawler  
  56  5:53  Lair  
  56  5:55  Roach x7  
  56  5:56  Roach x2  
  74  6:06  Roach  
  74  6:07  Drone x2  
  74  6:10  Drone x2  
  74  6:11  Drone  
  81  6:13  Extractor  
  80  6:18  Overlord  
  80  6:24  Roach x2  
  80  6:25  Roach  
  86  6:33  Overlord x2  
  86  6:37  Queen  
  88  6:46  Drone x2  
  90  6:58  Drone  
  90  6:59  Drone  
  93  7:01  Drone x2  
  93  7:06  Drone  
  89  7:21  Roach x2  
  89  7:22  Roach x4  
  101  7:31  Drone  
  98  7:56  Roach x2  
  98  7:57  Roach x5  
  98  7:58  Roach  
  100  8:23  Roach x3  
  100  8:24  Overlord x5  
  100  8:38  Spore Crawler  
  99  8:43  Spore Crawler  
  99  8:44  Spore Crawler  
  99  8:46  Spore Crawler  
  99  8:48  Spore Crawler  
  91  8:49  Extractor  
  88  8:59  Drone x3  
  88  9:00  Drone x6  
  89  9:17  Roach x2  
  89  9:18  Roach x3  
  89  9:23  Evolution Chamber  
  98  9:25  Roach x4  
  98  9:26  Roach, Evolution Chamber, Glial Reconstitution  
  107  9:32  Hydralisk Den  
  106  9:51  Extractor  
  106  9:52  Drone x4  
  109  9:53  Extractor  
  109  9:59  Hatchery  
  107  10:07  Roach x3  
  107  10:08  Roach x8  
  107  10:09  Roach  
  107  10:12  Grooved Spines  
  107  10:13  Zerg Missile Weapons Level 1  
  131  10:14  Zerg Ground Armor Level 1  
  127  10:27  Roach x34  
  127  10:30  Roach x34  
  127  10:31  Roach x8  
  135  10:47  Roach x32  
  131  11:07  Hydralisk x6  
  131  11:08  Hydralisk x3  
  143  11:22  Roach x18  
  143  11:23  Muscular Augments  
  137  11:31  Roach x17  
  127  11:38  Hydralisk x8  
  127  11:39  Hydralisk x2  
  141  11:46  Hydralisk x2  
  139  11:59  Roach x11  
  137  12:01  Roach x10  
  131  12:12  Roach x6  
  131  12:13  Roach x3  
  111  12:46  Hydralisk x2  
  111  12:47  Hydralisk x7  
  111  12:48  Hydralisk x2  
  129  12:57  Tunneling Claws  
  125  13:01  Hydralisk x3  
  131  13:16  Roach x3  
  131  13:17  Roach  
  115  13:21  Roach x2  
  119  13:32  Roach  
  119  13:33  Roach x2  
  125  13:39  Roach  
  127  13:43  Roach x14  
  127  13:45  Hydralisk x2  
  131  13:53  Hydralisk x3  
  131  13:54  Roach x3  
  137  14:06  Roach  
  137  14:08  Roach  
  125  14:34  Roach x5, Hydralisk x3  
  125  14:35  Roach x7  
  125  14:36  Roach  
  141  14:57  Hydralisk x2  
  141  14:58  Hydralisk x3  
  141  14:59  Overlord  
  149  15:00  Overlord  
  149  15:02  Drone  
  149  15:03  Drone x2  
  138  15:20  Extractor  
  138  15:21  Drone  
  138  15:22  Hydralisk x4, Extractor  
  138  15:23  Hydralisk x2  
  149  15:41  Drone  
  149  15:42  Drone  
  151  15:43  Drone x6  
  151  15:47  Drone  
  158  16:18  Roach x3  
Show
View Real Time Build Order
Export as new Build Order

OpuS Protoss 

Build Orders:  

Get SALT Encoding   

  12  0:00  Probe  
  13  0:13  Probe  
  14  0:23  Pylon  
  14  0:25  Probe  
  15  0:41  Probe  
  16  0:45  Gateway  
  16  0:55  Gateway  
  16  0:59  Probe  
  17  1:09  Assimilator  
  17  1:12  Probe  
  18  1:20  Probe  
  19  1:28  Probe  
  19  1:32  Zealot  
  22  1:34  Pylon  
  22  1:38  Forge  
  22  1:52  Zealot  
  22  1:54  Zealot  
  24  1:58  Probe  
  27  2:09  Pylon  
  27  2:11  Probe  
  27  2:15  Assimilator  
  28  2:24  Probe  
  29  2:37  Probe  
  30  2:54  Pylon  
  30  3:00  Cybernetics Core  
  30  3:03  Zealot x2  
  34  3:36  Nexus  
  27  3:42  Stalker  
  29  3:48  Pylon  
  29  4:06  Zealot  
  29  4:08  Warp Gate  
  31  4:14  Photon Cannon  
  31  4:16  Pylon  
  31  4:28  Gateway  
  31  4:36  Twilight Council  
  25  4:55  Zealot x2  
  29  5:00  Gateway  
  29  5:05  Nexus  
  29  5:11  Photon Cannon  
  29  5:23  Stalker  
  31  5:38  Probe  
  32  5:47  Charge  
  32  5:50  Probe  
  33  6:02  Probe  
  34  6:14  Probe  
  35  6:23  Templar Archives  
  35  6:25  Stalker  
  35  6:26  Stalker  
  35  6:27  Stalker  
  41  6:33  Probe x2  
  41  6:48  Stargate  
  41  6:51  Probe x2  
  43  7:00  Stalker  
  43  7:01  Stalker  
  47  7:23  Void Ray  
  47  7:26  High Templar x2  
  51  7:31  Probe x2  
  51  7:32  Assimilator  
  51  7:36  Assimilator  
  57  7:56  Probe x2  
  53  8:05  Stalker  
  53  8:06  Stalker x3  
  53  8:08  Probe x2  
  59  8:14  Archon  
  59  8:15  Void Ray  
  59  8:20  Probe  
  64  8:31  Probe  
  64  8:32  Probe  
  60  8:43  Probe  
  60  8:46  Void Ray  
  59  8:49  Stargate  
  59  8:56  Probe x2  
  65  9:08  Probe x2  
  63  9:15  Stalker  
  63  9:16  Stalker  
  67  9:21  Void Ray  
  67  9:27  Void Ray  
  75  9:42  Probe x2  
  77  9:49  Pylon  
  77  9:51  Pylon  
  75  10:06  Psionic Storm, Void Ray  
  79  10:10  Void Ray  
  83  10:27  Stalker x3  
  83  10:28  Stalker  
  77  11:03  Probe  
  77  11:04  Probe  
  77  11:09  Robotics Facility  
  77  11:16  Probe x2  
  78  11:35  Void Ray  
  78  11:36  Nexus  
  78  11:38  Pylon  
  78  11:39  Pylon x2  
  77  11:42  Pylon  
  77  11:46  Pylon  
  72  11:55  Observer  
  62  12:01  Void Ray  
  62  12:13  Observer  
  62  12:15  Pylon  
  50  12:44  Immortal  
  50  12:48  Probe  
  50  12:49  Probe  
  44  12:52  Probe  
  45  13:01  Probe  
  45  13:04  Stargate  
  45  13:07  Stargate  
  45  13:10  Assimilator  
  45  13:15  Assimilator, Immortal  
  46  13:20  Nexus, Probe  
  46  13:25  Probe  
  47  13:32  Probe  
  52  13:35  Cybernetics Core  
  48  13:41  Void Ray  
  52  13:51  Immortal  
  49  14:03  Probe x2  
  51  14:15  Probe  
  51  14:16  Pylon, Void Ray  
  52  14:19  Void Ray  
  52  14:30  Immortal  
  60  14:49  Probe x2  
  62  14:53  Probe  
  62  14:58  Void Ray  
  67  15:01  Probe x2  
  67  15:05  Probe, Robotics Facility  
  70  15:13  Probe  
  71  15:15  Probe  
  51  15:38  Immortal  
  53  15:48  Void Ray x2  
  61  15:51  Probe  
  61  15:52  Probe x2  
  64  16:03  Probe  
  64  16:04  Probe x2  
  67  16:16  Probe x2  
  67  16:28  Probe  
Show
View Real Time Build Order
Export as new Build Order

Sketchaphone Zerg 

Build Orders: Hatch First 

Get SALT Encoding   

  12  0:04  Drone  
  13  0:14  Overlord  
  13  0:18  Drone  
  14  0:22  Extractor  
  14  0:24  Drone  
  14  0:33  Drone  
  16  0:42  Drone  
  17  0:54  Drone  
  18  1:02  Hatchery  
  18  1:03  Extractor  
  16  1:04  Drone  
  17  1:22  Spawning Pool  
  16  1:33  Drone x2  
  16  1:34  Overlord  
  18  1:44  Drone  
  19  2:07  Drone  
  19  2:08  Metabolic Boost  
  20  2:10  Queen, Zergling x2  
  20  2:14  Queen  
  25  2:32  Zergling x2  
  25  2:34  Drone x2  
  25  2:36  Drone  
  29  2:40  Drone  
  30  3:02  Drone x2  
  33  3:05  Drone x2  
  34  3:14  Drone x2  
  34  3:15  Baneling Nest  
  34  3:17  Hatchery  
  34  3:22  Queen  
  36  3:28  Pneumatized Carapace  
  36  3:30  Overlord  
  36  3:39  Overlord  
  36  3:57  Evolution Chamber  
  36  4:01  Zergling x4  
  37  4:08  Zergling x2  
  37  4:19  Zergling x2  
  37  4:20  Zergling x2  
  39  4:28  Spine Crawler  
  39  4:30  Zergling x24  
  26  4:45  Baneling  
  26  4:46  Baneling x3  
  26  4:47  Drone x2  
  26  4:49  Baneling x3  
  28  5:13  Zergling x6  
  31  5:15  Drone x2  
  33  5:23  Queen  
  35  5:30  Drone  
  35  5:33  Drone  
  35  5:34  Drone x6  
  43  5:36  Drone  
  43  5:42  Drone  
  45  5:56  Baneling x2  
  45  6:00  Overlord  
  45  6:04  Drone x2  
  47  6:17  Drone x2  
  49  6:19  Evolution Chamber  
  48  6:27  Spore Crawler  
  47  6:37  Queen, Spore Crawler  
  47  6:54  Spore Crawler x2, Drone x3  
  39  7:13  Queen  
  34  7:20  Zergling x20  
  42  7:24  Zergling x4  
  41  7:45  Spine Crawler  
  41  7:46  Spine Crawler  
  41  7:50  Spine Crawler  
  24  8:21  Zergling x26  
  24  8:27  Evolution Chamber, Drone  
  33  8:30  Drone  
  31  8:35  Drone  
  30  8:57  Drone  
  30  8:58  Drone x5  
  30  9:01  Drone  
  37  9:25  Zerg Melee Weapons Level 1  
  37  9:28  Queen  
  37  9:30  Evolution Chamber, Drone x3  
  41  9:42  Drone  
  41  9:43  Overlord  
  41  9:44  Overlord  
  42  10:05  Overlord  
  42  10:09  Zergling x16  
  50  10:17  Zergling x2  
  50  10:21  Queen, Drone  
  53  10:22  Drone x2  
  56  10:43  Drone  
  38  11:07  Lair  
  38  11:09  Extractor  
  37  11:12  Drone x2  
  37  11:13  Drone x9  
  48  11:19  Extractor  
  47  11:34  Zergling x16  
  55  11:53  Overlord x2  
  55  11:54  Overlord  
  55  11:57  Zerg Ground Armor Level 1  
  51  12:12  Zergling x14  
  55  12:19  Zergling x8  
  59  12:28  Zergling x10  
  64  12:37  Zergling x4  
  64  12:41  Baneling x14  
  64  12:43  Zergling x6  
  54  13:27  Zergling x30  
  54  13:31  Zergling x2  
  70  13:35  Overlord  
  70  13:46  Hatchery  
  70  13:47  Overlord x2  
  68  14:00  Overlord x2  
  52  14:20  Zergling x24  
  57  14:25  Zergling x8  
  57  14:29  Overseer  
  61  14:32  Zergling x4  
  61  14:35  Zergling x2  
  64  14:39  Zerg Melee Weapons Level 2  
  64  14:40  Zerg Ground Armor Level 2  
  64  14:41  Zergling x2  
  64  14:43  Queen x2  
  69  14:45  Overlord  
  66  15:06  Infestation Pit  
  61  15:08  Zergling x26  
  62  15:48  Zergling x26  
  74  15:53  Baneling x6  
  71  16:02  Drone x4  
  71  16:03  Overlord x2, Drone x3  
  71  16:04  Overlord  
  75  16:14  Overseer  
  75  16:16  Baneling  
  75  16:17  Baneling x9  
  75  16:19  Zergling x10  
  80  16:27  Overlord, Drone x2  
  80  16:28  Zergling x6  
  80  16:29  Zergling x4  
  80  16:31  Baneling x3  
Tags
 
Add a new tag
Caveats
  • Supply blocks, unpowered buildings, or Contaminate may cause inaccurate times.
  • Supply counts are checked every 10 seconds.